 Dungeon Crawl Stone Soup version 0.29.1-15-g9cfb28693d (webtiles) character file.

Game seed: 17112083570851470825

1424 monsoonserge the Ruffian (level 8, -3/66 (75) HPs)
             Began as a Troll Delver on Apr 28, 2023.
             Was a Believer of Nemelex Xobeh.
             Slain by a wight
             ... wielding a +0 spear
              (4 damage)
             ... on level 6 of the Dungeon.
             The game lasted 00:20:05 (3217 turns).

monsoonserge the Ruffian (Troll Delver)             Turns: 3217, Time: 00:20:05

HP:   -3/66 (75)    AC:  6    Str: 23    XL:     8   Next: 44%
MP:   8/9           EV: 10    Int:  6    God:    Nemelex Xobeh [**....]
Gold: 235           SH:  0    Dex: 11    Spells: 7/8 levels left

rFire   . . .      SeeInvis .     - Unarmed
rCold   . . .      Faith    .   (no shield)
rNeg    . . .      Spirit   .   G - +1 robe {Archmagi}
rPois   .          Reflect  .   (helmet currently unavailable)
rElec   .          Harm     .   y - +0 cloak
rCorr   +          Rampage  .   (gloves unavailable)
Will    .....      Archmagi +   (boots unavailable)
Stlth   ++........              (no amulet)
HPRegen 1.01/turn               A - ring of resist corrosion
MPRegen 0.11/turn               (no ring)

@: lethally poisoned (-3 -> -9), appendages (expiring), heavily drained
A: horns 2, talons 2, large, unfitting armour, claws 3, regeneration 1, shaggy
fur 1, tough skin 1
a: End Transformation, Renounce Religion, Draw Escape, Draw Destruction, Draw
Summoning


You were on level 6 of the Dungeon.
You worshipped Nemelex Xobeh.
Nemelex Xobeh was pleased with you.
You had temporarily grown beastly horns and talons.
You visited 2 branches of the dungeon, and saw 7 of its levels.

You collected 235 gold pieces.

Inventory:

Hand Weapons
 t - a +2 whip of electrocution
 v - a +1 vorpal falchion
 B - a +2 hand axe of venom
 F - a +1 whip of freezing
Missiles
 c - 59 stones (quivered)
 u - 13 poisoned darts
 C - 3 boomerangs of dispersal
Armour
 y - a +0 cloak (worn)
 G - a +1 robe of the Archmagi (worn)
Jewellery
 A - a ring of resist corrosion (left claw)
Wands
 f - a wand of digging (3)
 w - a wand of iceblast (6)
 x - a wand of quicksilver (5)
 D - a wand of flame (19)
Scrolls
 b - 2 scrolls of fog
 d - a scroll of fear
 g - 2 scrolls of amnesia {unknown}
 h - 2 scrolls of silence {unknown}
 j - a scroll of vulnerability {unknown}
 k - 3 scrolls of identify {unknown}
 m - 2 scrolls of enchant weapon {unknown}
 r - 2 scrolls of teleportation {unknown}
 z - 3 scrolls of poison {unknown}
 E - a scroll of blinking {unknown}
 H - a scroll of magic mapping
Potions
 a - a potion of attraction {unknown}
 e - 3 potions of haste
 i - 5 potions of curing {unknown}
 l - 2 potions of flight {unknown}
 n - a potion of brilliance {unknown}
 o - a potion of might {unknown}
 p - a potion of berserk rage {unknown}
 q - 2 potions of mutation {unknown}
 s - a potion of ambrosia {unknown}


   Skills:
 + Level 3.4 Fighting
 + Level 4.0 Dodging
 - Level 3.0 Stealth
 + Level 7.8 Unarmed Combat
 * Level 0.8 Spellcasting
 * Level 1.1 Transmutations
 - Level 3.0 Invocations


You had 7 spell levels left.
You knew the following spells:

 Your Spells              Type           Power      Damage    Failure   Level
a - Beastly Appendage     Tmut           4%         N/A       28%         1

Your spell library contained the following spells:

 Spells                   Type           Power      Damage    Failure   Level
 Sting                    Tmut/Pois      4%         1d3       36%         1
 Wereblood                Tmut           2%         N/A       41%         2
 Sandblast                Erth           0%         2d4       43%         1
 Shock                    Conj/Air       0%         1d3       43%         1
 Slow                     Hex            0%         N/A       43%         1
 Passwall                 Tmut/Erth      0%         N/A       50%         2
 Poisonous Vapours        Pois/Air       0%         N/A       56%         2
 Spider Form              Tmut/Pois      1%         N/A       73%         3
 Confusing Touch          Hex            0%         N/A       80%         3
 Stone Arrow              Conj/Erth      0%         3d7       80%         3
 Vampiric Draining        Necr           0%         2d6       80%         3
 Petrify                  Tmut/Erth      1%         N/A       98%         4
 Olgreb's Toxic Radiance  Pois           0%         N/A       99%         4
 Sticky Flame             Conj/Fire      0%         2d3       99%         4
 Blade Hands              Tmut           1%         N/A       100%        5


Dungeon Overview and Level Annotations

Branches:
Dungeon (6/15)             Temple (1/1) D:4

Altars:
Ashenzari
Cheibriados
Dithmenos
Elyvilon
Fedhas
Gozag
Hepliaklqana
Kikubaaqudgha
Makhleb
Nemelex Xobeh
Okawaru
Qazlal
Ru
Sif Muna
Trog
Uskayaw
Vehumet
Wu Jian
Xom
Yredelemnul
The Shining One


Innate Abilities, Weirdness & Mutations

You have temporarily grown beastly horns and talons.
You are too large for most types of armour.
You have claws for hands.
Your natural rate of healing is unusually fast.
You are covered in fur. (AC +1)
You have tough skin. (AC +1)


Message History

You are more poisoned.
The water moccasin poisons you! The wight barely misses you.
The water moccasin barely misses you.
You miss the water moccasin. Your kick misses the water moccasin.
You headbutt the water moccasin, but do no damage.
The water moccasin is moderately wounded.
You feel very sick. The water moccasin bites you.
You are more poisoned.
The water moccasin poisons you! The wight hits you with a +0 spear!
You draw a card...
You have drawn the Cloud.
Clouds appear around you!
You feel extremely sick. The water moccasin bites you.
The wight barely misses you.
You feel very sick.
The water moccasin bites you but does no damage.
The wight hits you from afar with a +0 spear.
* * * LOW HITPOINT WARNING * * *
You feel drained.
* * * LOW HITPOINT WARNING * * *
Okay, then.
You draw a card...
You have drawn the Elixir.
You begin rapidly regenerating health and magic.
You feel very sick.
The water moccasin bites you but does no damage.
The wight hits you from afar with a +0 spear.
* * * LOW HITPOINT WARNING * * *
You feel drained.
* * * LOW HITPOINT WARNING * * *
Okay, then.
You draw a card...
You have drawn the Swarm.
* * * LOW HITPOINT WARNING * * *
You feel very sick. The water moccasin closely misses you.
The wight hits you with a +0 dagger of electrocution.
* * * LOW HITPOINT WARNING * * *
You feel drained.
* * * LOW HITPOINT WARNING * * *
The wight hits you from afar with a +0 spear.
You die...
Your body glows slightly and disappears.

######.# #.#.......#. ##.##
#.#.......#. #...#
###.^..._...^. #...#
#...#.......#. #...#
#.#.#.......#.
#####...######.#.#.......#.
#.......§yy.##.#.####.####.
......>§§z.§...............
#......§§S@§#.##...........
###.#..§#§### #.##.##.....
#.#..S#z# #....##..... #
#...#z# #.##.##.####
#.z.#.# #........ ##z##.#
.....#.## .. ..# ####.#. #.
### #...


You could see a water moccasin, 2 wights and 2 friendly killer bees.

Vanquished Creatures
  Pikel (D:5)
  Sigmund (D:3)
  A sky beast (D:6)
  A black bear (D:4)
  An ice beast (D:6)
  A phantom (D:6)
  A necrophage (D:6)
  A scorpion (D:5)
  A wight (D:6)
  A jelly (D:4)
  Jessica (D:3)
  Ijyb (D:5)
  2 orc wizards (D:3)
  4 adders
  3 gnolls (D:5)
  3 dart slugs
  17 orcs
  3 ball pythons
  4 bats
  7 endoplasms
  3 giant cockroaches
  11 goblins
  4 hobgoblins
  5 jackals
  4 quokkas (D:1)
  A frilled lizard (D:1)
  5 kobolds
  5 rats
93 creatures vanquished.

Notes
Turn   | Place    | Note
-------+----------+-------------------------------------------
     0 | D:5      | monsoonserge the Troll Delver began the quest for the Orb.
     0 | D:5      | Reached XP level 1. HP: 22/22 MP: 0/0
     8 | D:5      | Noticed Ijyb
    15 | D:5      | Noticed a lemure
    17 | D:4      | Noticed a black bear
   168 | D:4      | Got the Tome of Changed Hurting
   194 | D:4      | Found a staircase to the Ecumenical Temple.
   210 | Temple   | Entered the Ecumenical Temple
   362 | Temple   | Became a worshipper of Nemelex Xobeh the Trickster
   417 | D:3      | Reached XP level 2. HP: 27/29 MP: 1/1
   512 | D:2      | Reached skill level 1 in Invocations
   610 | D:1      | Reached XP level 3. HP: 33/36 MP: 2/2
  1130 | D:2      | Reached XP level 4. HP: 44/44 MP: 4/4
  1379 | D:2      | Reached skill level 3 in Unarmed Combat
  1476 | D:3      | Reached XP level 5. HP: 50/50 MP: 5/5
  1500 | D:3      | Reached * piety under Nemelex Xobeh
  1585 | D:3      | Noticed Jessica
  1630 | D:3      | Killed Jessica
  1747 | D:3      | Noticed Sigmund
  1754 | D:3      | Killed Sigmund
  1755 | D:3      | Reached skill level 4 in Unarmed Combat
  1755 | D:3      | Reached XP level 6. HP: 51/59 MP: 6/6
  2095 | D:4      | Found a stormy altar of Qazlal.
  2101 | D:4      | Found a shimmering altar of Xom.
  2122 | D:4      | Reached skill level 5 in Unarmed Combat
  2417 | D:4      | Received a gift from Nemelex Xobeh
  2593 | D:5      | Reached XP level 7. HP: 62/67 MP: 8/8
  2614 | D:5      | Killed Ijyb
  2743 | D:5      | Received a gift from Nemelex Xobeh
  2758 | D:5      | Noticed Pikel
  2766 | D:5      | Killed Pikel
  2767 | D:5      | Reached skill level 7 in Unarmed Combat
  2767 | D:5      | Reached XP level 8. HP: 72/75 MP: 9/9
  2785 | D:5      | Learned a level 1 spell: Beastly Appendage
  2998 | D:6      | Found an opulent altar of Gozag.
  3081 | D:6      | Reached ** piety under Nemelex Xobeh
  3175 | D:6      | Reached skill level 1 in Transmutations
  3217 | D:6      | HP: 2/67 [wight/+0 dagger of electrocution (6)]
  3217 | D:6      | Slain by a wight

Illustrated notes

Levels and vault maps discovered:
D:1:      heliophobic_arrival_henge, layout_rooms
D:2:      layout_rooms
D:3:      layout_basic, kennysheep_small_spiral, kennysheep_generic_room_11,
          uniq_jessica, uniq_sigmund
D:4:      layout_rooms, grunt_temple_overflow_open, minmay_temple_entry_ruins,
          chequers_serial_rivers_marsh
D:5:      layout_rooms, kennysheep_boxes, uniq_edmund, uniq_pikel, uniq_ijyb
D:6:      layout_loops_cross, lemuel_tele_altar, hangedman_decor_slide_cut,
          reono_crystal_passage
Temple:   hc_temple_tempest_star

Skill      XL: |  1  2  3  4  5  6  7  8 |
---------------+-------------------------+-----
Stealth        | 3 |  3.0
Invocations    | 1 2 3 |  3.0
Dodging        | 2 3 4 |  4.0
Unarmed Combat | 3 4 5 7 |  7.8
Fighting       | 3 |  3.4
Transmutations | 1 |  1.1
Spellcasting   | |  0.8

Action                   |  1- 3 |  4- 6 |  7- 9 || total
-------------------------+-------+-------+-------++-------
Melee: Unarmed           |   118 |   110 |    62 ||   290
       Punch             |     1 |     2 |     2 ||     5
       Kick              |       |       |     2 ||     2
       Headbutt          |       |       |     1 ||     1
 Cast: Beastly Appendage |       |       |     2 ||     2
Invok: Draw Destruction  |       |       |     1 ||     1
       Draw Escape       |       |       |     2 ||     2
       Draw Summoning    |       |       |     1 ||     1
  Use: Scroll            |     2 |       |       ||     2
 Stab: Sleeping          |     9 |     2 |       ||    11
Armor: Robe              |    47 |    37 |    18 ||   102
Dodge: Dodged            |    71 |    48 |    22 ||   141
